AoeStats
← Oji San

Arabia

507007709Analyzed
1v1 RM · 16d ago on Sep 16, 2026· 28m 2s· 2 players
Game mode
Random Map
Map size
Tiny (2 player)
Population
200
Speed
Normal
Resources
Standard
Victory
Conquest
Starting age
Dark Age
Ending age
Imperial Age
RankedLock teamsTeams togetherTeam positionsShared explorationLock speedFull tech treeHidden civsTurbo modeCheats
Victory
Defeat
🇮🇩 Japanese · Indonesia
983
+39
🇹🇼 Huns · Taiwan
967
-15
darrencool820518
7:51 Loom
11:02 Feudal Age
14:05 Scale Barding Armor
14:13 Forging
18:21 Bloodlines
19:36 Double-Bit Axe
19:34 Horse Collar
26:30 Castle Age
25:16 Fletching
25:29 Padded Archer Armor
Oji San
9:44 Feudal Age
10:25 Man-at-Arms
10:51 Arson
21:51 Castle Age
20:14 Gold Mining
22:24 Crossbowman
23:43 Fletching
24:49 Double-Bit Axe
25:21 Long Swordsman
25:47 Gambesons
26:29 Bodkin Arrow
Connection lost

Rejoining the realm…

Still unreachable

The connection could not be restored.

Session expired

The server has moved on; the page needs a fresh start.